 Dungeon Crawl Stone Soup version 0.22.1 (webtiles) character file.

339 Fang the Chopper (level 6, -2/39 HPs)
             Began as a Gargoyle Berserker on Sept 18, 2018.
             Was a Believer of Trog.
             Slain by a gnoll
             ... wielding a +0 spear
              (6 damage)
             ... on level 4 of the Dungeon.
             The game lasted 00:03:01 (3456 turns).

Fang the Chopper (Gargoyle Berserker)               Turns: 3456, Time: 00:03:02

Health: -2/39      AC:  6    Str: 22    XL:     6   Next: 55%
Magic:  6/6        EV: 12    Int:  8    God:    Trog [**....]
Gold:   151        SH:  0    Dex:  9    Spells: 5/5 levels left

rFire    . . .     SeeInvis .   a - +0 hand axe
rCold    . . .     Gourm    .   (no shield)
rNeg     + . .     Faith    .   b - +0 animal skin
rPois    ∞         Spirit   .   (no helmet)
rElec    +         Reflect  .   (no cloak)
rCorr    .         Harm     .   (no gloves)
MR       .....                  (no boots)
Stlth    ++........             (no amulet)
HPRegen  0.13/turn              (no ring)
MPRegen  0.10/turn              (no ring)

@: no status effects
A: negative energy resistance 1, electricity resistance, unbreathing,
petrification resistance, rot immunity, AC +4
a: Berserk, Trog's Hand, Renounce Religion


You were on level 4 of the Dungeon.
You worshipped Trog.
Trog was pleased with you.
You were not hungry.

You visited 1 branch of the dungeon, and saw 4 of its levels.

You collected 151 gold pieces.

Inventory:

Hand Weapons
 a - a +0 hand axe (weapon)
Armour
 b - a +0 animal skin (worn)
Wands
 i - a wand of disintegration (11)
Scrolls
 d - a scroll of remove curse {unknown}
 e - 3 scrolls of identify {unknown}
 f - a scroll of magic mapping {unknown}
 h - 2 scrolls of fear {unknown}
 k - 2 scrolls of teleportation {unknown}
 o - a scroll of fog {unknown}
Potions
 g - a potion of degeneration {unknown}
 j - 2 potions of agility {unknown}
 l - 3 potions of haste {unknown}
 m - 2 potions of might {unknown}
 n - a potion of brilliance {unknown}
 p - a potion of magic {unknown}
 q - 2 potions of lignification {unknown}
Comestibles
 c - 7 rations


   Skills:
 + Level 4.5 Fighting
 + Level 4.8 Axes
 + Level 2.3 Armour
 + Level 3.0 Dodging
 + Level 2.0 Stealth


You had 5 spell levels left.
You didn't know any spells.
Your spell library was empty.

Dungeon Overview and Level Annotations

Branches:
Dungeon (4/15)             Temple (0/1) D:4

Altars:
Cheibriados
Makhleb
Nemelex Xobeh
Okawaru


Innate Abilities, Weirdness & Mutations

You are resistant to torment.
Your stone body is resilient. (AC +4)
You are immune to poison.
You resist negative energy. (rN+)
You are resistant to electric shocks. (rElec)
You can survive without breathing.
You are immune to petrification.
You are immune to rotting.


Message History

You now have 151 gold pieces (gained 11).
The phantom blinks!
The phantom hits you but does no damage. 2 gnolls come into view.
The gnoll shouts! x2; You hear a shout!
A gnoll comes into view. It is wielding a spear.
A gnoll comes into view. It is wielding a spear.
The gnoll shouts!
You hear a shout!
You barely miss the gnoll. You completely miss the phantom. You hit the gnoll.
The gnoll barely misses you. The gnoll hits you but does no damage.
The phantom blinks!
You barely miss the gnoll. You closely miss the gnoll. The gnoll hits you!
The gnoll hits you with a club.
* * * LOW HITPOINT WARNING * * *
The gnoll hits you from afar with a spear.
* * * LOW HITPOINT WARNING * * *
You barely miss the gnoll. You hit the gnoll.
The gnoll hits you but does no damage. The gnoll closely misses you.
The gnoll hits you from afar with a spear.
You die...

...................).#
.....................###
#####.....#########....#
#.....#..#....#....#
#.....#..#....'....#
#.....#..#....#....'
##.....#..####'#....#
#.....##>.####.##....
#...@.#.........#....
#...gg#.........#..(.
#.Wgg.###########....
........ ...........
.'......... ...........
.#.......... ...........
#......................
#......................
####......


You could see a phantom and 4 gnolls.

Vanquished Creatures
  An ogre (D:4)
  A crimson imp (D:4)
  An orc wizard (D:3)
  An orc priest (D:3)
  4 adders
  4 gnolls
  2 oozes
  4 worms
  A dart slug (D:3)
  3 leopard geckos
  8 orcs (D:3)
  5 bats
  A giant cockroach (D:2)
  3 goblins
  6 hobgoblins
  5 jackals
  4 kobolds
  2 quokkas
  2 ball pythons (D:1)
  3 frilled lizards
  A leopard gecko skeleton (D:4)
  7 rats
69 creatures vanquished.

Notes
Turn   | Place    | Note
-------+----------+-------------------------------------------
     0 | D:1      | Fang the Gargoyle Berserker began the quest for the Orb.
     0 | D:1      | Reached XP level 1. HP: 14/14 MP: 1/1
   337 | D:1      | Reached XP level 2. HP: 11/19 MP: 2/2
   532 | D:1      | Reached XP level 3. HP: 24/24 MP: 3/3
   778 | D:2      | Found a snail-covered altar of Cheibriados.
  1498 | D:2      | Reached skill level 1 in Stealth
  1498 | D:2      | Reached XP level 4. HP: 24/29 MP: 4/4
  1590 | D:2      | Found a faded altar of an unknown god.
  1966 | D:2      | Found a sparkling altar of Nemelex Xobeh.
  2456 | D:3      | Reached XP level 5. HP: 19/33 MP: 5/5
  2458 | D:3      | Reached ** piety under Trog
  2720 | D:3      | Found an iron altar of Okawaru.
  3178 | D:4      | Found a burning altar of Makhleb.
  3210 | D:4      | Reached XP level 6. HP: 32/39 MP: 6/6
  3289 | D:4      | Found a staircase to the Ecumenical Temple.
  3418 | D:4      | Noticed a phantom
  3456 | D:4      | Slain by a gnoll

Skill      XL: |  1  2  3  4  5  6 |
---------------+-------------------+-----
Axes           | 3 4 |  4.8
Dodging        | 2 3 |  3.0
Stealth        | 1 2 |  2.0
Fighting       | 4 |  4.5
Armour         | |  2.3

Action                   |  1- 3 |  4- 6 || total
-------------------------+-------+-------++-------
Melee: Hand axe          |    96 |   214 ||   310
Invok: Berserk           |       |     2 ||     2
 Stab: Sleeping          |     2 |       ||     2
  Eat: Chunk             |     1 |     7 ||     8
       Ration            |       |     1 ||     1
Armor: Animal skin       |    31 |    72 ||   103
Dodge: Dodged            |    69 |   149 ||   218
